 Dungeon Crawl Stone Soup version 0.32-a0-861-g165e151e72 (webtiles) character file.

Game seed: 404517540642241888

247 Nvm9 the Trooper (level 5, -14/42 HPs)
             Began as a Demonspawn Fighter on Mar 28, 2024.
             Demolished by a gnoll
             ... wielding a +0 halberd of distortion
              (22 damage)
             ... on level 2 of the Dungeon.
             The game lasted 00:01:40 (996 turns).

Nvm9 the Trooper (Demonspawn Fighter)                Turns: 996, Time: 00:01:41

Health: -14/42     AC:  7    Str: 19    XL:     5   Next: 85%
Magic:  5/5        EV:  7    Int:  8    God:
Gold:   68         SH:  8    Dex: 12    Spells: 4/4 levels left

rFire   . . .        a - +0 war axe
rCold   . . .        m - +0 kite shield
rNeg    . . .        b - +0 scale mail
rPois   .            (no helmet)
rElec   .            (no cloak)
rCorr   .            (no gloves)
SInv    .            (no boots)
Will    .....        (no amulet) Stlth
                     (no ring)
HPRegen 0.27/turn    (no ring)
MPRegen 0.09/turn

%: no passive effects
@: mighty
A: ignite blood 1, weakness stinger 1
a: no special abilities


You were on level 2 of the Dungeon.
You visited 1 branch of the dungeon, and saw 2 of its levels.

You collected 68 gold pieces.

Inventory:

Hand Weapons
 a - a +0 war axe (weapon)
 g - a +3 heavy scythe
 h - a +0 flail
Armour
 b - a +0 scale mail (worn)
 c - a +0 buckler
 m - a +0 kite shield (worn)
Wands
 j - a wand of flame (23)
Scrolls
 e - 2 scrolls of identify
 l - a scroll of amnesia {unknown}
Potions
 f - a potion of enlightenment
 i - a potion of haste {unknown}
 k - a potion of heal wounds {unknown}


   Skills:
 * Level 4.0 Fighting
 * Level 3.0 Axes
 + Level 1.2 Throwing
 * Level 3.7 Armour
 * Level 3.7 Shields


You had 4 spell levels left.
You didn't know any spells.
Your spell library contained the following spells:

 Spells                   Type           Power      Damage    Failure   Level
 Summon Small Mammal      Summ           0%         N/A       97%         1
 Call Canine Familiar     Summ           0%         N/A       100%        3
 Summon Blazeheart Golem  Fire/Summ      0%         N/A       100%        4
 Dispersal                Tloc           0%         N/A       100%        6
 Gell's Gavotte           Tloc           0%         2d(11-16) 100%        6
 Manifold Assault         Tloc           0%         N/A       100%        7
 Disjunction              Tloc           0%         N/A       100%        8


Dungeon Overview and Level Annotations

Branches:
Dungeon (2/15)

Altars:


Innate Abilities, Weirdness & Mutations

Your demonic aura sometimes causes spilled blood to erupt in flames.
You have a small tail.


Message History

You hit the gnoll but do no damage.
You hear a shout!
You block the gnoll's attack. x2
You hear a shout! x3
You hit the gnoll.
The gnoll is lightly wounded.
The gnoll hits you with a +0 halberd!
You closely miss the gnoll.
The gnoll is lightly wounded.
A kobold comes into view. It is wielding a +0 short sword.
You block the gnoll's attack. The gnoll barely misses you.
A gnoll comes into view.
It is wielding a +0 halberd of distortion.
The kobold moves out of view.
You hit the gnoll but do no damage.
The gnoll is lightly wounded.
A gnoll comes into view. It is wielding a +0 spear.
The gnoll hits you with a +0 halberd. The gnoll hits you but does no damage.
The gnoll moves out of view.
You slash the gnoll!
You kill the gnoll!
You hear a shout!
An adder comes into view.
The adder hisses angrily.
A giant cockroach and a gnoll come into view.
The gnoll shouts!
You block the gnoll's attack.
The gnoll hits you with a +0 halberd of distortion!
Space warps around you.
* * * LOW HITPOINT WARNING * * *
You block the kobold's attack. The gnoll barely misses you.
Things that are here:
a +0 halberd; a gnoll corpse Unknown command.
You feel very mighty all of a sudden. The gnoll hits you but does no damage.
The gnoll hits you with a +0 halberd of distortion.
* * * LOW HITPOINT WARNING * * *
Space warps horribly around you!!
Ouch! That really hurt!
You die...

...# ....#### ......
......# #......
...#.###B...... ##.#.$.
....... ...
#.....##....... ...# ###
#......#g...... ....##..
#.#......#gg..... ........
#.#....#.@°S..... ........
#.#....##.K...... <.......
#.#.............. ........
#.##..###<....... ........
#.##..###.............##..
#.##...##...........#.###.
#.#.....#................<
#................##..##.#.
#.........................


You could see 3 gnolls, an adder, a giant cockroach and a kobold.

Vanquished Creatures
  Sigmund (D:2)
  2 adders (D:2)
  2 gnolls
  5 dart slugs
  5 ball pythons
  4 bats (D:1)
  5 endoplasms (D:1)
  A giant cockroach (D:1)
  5 goblins (D:1)
  5 hobgoblins
  4 quokkas (D:1)
  A frilled lizard (D:1)
  5 kobolds
  4 rats
49 creatures vanquished.

Notes
Turn   | Place    | Note
-------+----------+-------------------------------------------
     0 | D:1      | Nvm9 the Demonspawn Fighter began the quest for the Orb.
     0 | D:1      | Reached XP level 1. HP: 18/18 MP: 1/1
    64 | D:1      | Gained mutation: You have a small tail. [demonic ancestry]
    64 | D:1      | Reached XP level 2. HP: 23/24 MP: 2/2
   235 | D:1      | Gained mutation: Your demonic aura sometimes causes spilled
                  | blood to erupt in flames. [demonic ancestry]
   235 | D:1      | Reached XP level 3. HP: 9/29 MP: 3/3
   759 | D:2      | Noticed Sigmund
   764 | D:2      | Killed Sigmund
   765 | D:2      | Reached skill level 1 in Throwing
   765 | D:2      | Reached XP level 4. HP: 37/37 MP: 4/4
   765 | D:2      | Reached XP level 5. HP: 42/42 MP: 5/5
   770 | D:2      | Reached skill level 4 in Fighting
   996 | D:2      | Demolished by a gnoll

Illustrated notes

Levels and vault maps discovered:
D:1:      dpeg_arrival_boxes_within_box, layout_basic, st_stairs_7, hex_large,
          minmay_tetromino_o4
D:2:      layout_rooms, serial_glass, glass_columns_b, glass_columns_a,
          uniq_sigmund

Skill      XL: |  1  2  3  4  5 |
---------------+----------------+-----
Axes           | 2 3 |  3.0
Shields        | 3 |  3.7
Armour         | 3 |  3.7
Throwing       | 1 |  1.2
Fighting       | 4 |  4.0

Action                     |  1- 3 |  4- 6 || total
---------------------------+-------+-------++-------
  Melee: War axe           |    92 |    38 ||   130
         Tailslap          |     8 |     5 ||    13
    Use: Scroll            |     3 |       ||     3
         Potion            |       |     1 ||     1
 Armour: Scale mail        |    67 |    34 ||   101
  Dodge: Dodged            |    45 |    17 ||    62
  Block: Buckler           |    20 |     2 ||    22
         Kite shield       |       |     5 ||     5

Table legend: (Time is in decaauts)
 A = Elapsed time spent in this place.
 B = Non-inter-level travel time spent in this place.
 C = Inter-level travel time spent in this place.
 D = Time resting spent in this place.
 E = Time spent auto-exploring this place.
 F = Levels seen in this place.
 G = Mean time per level.
                   A        B        C        D        E       F      G
               +--------+--------+--------+--------+--------+-----+--------+
         Total |   1050 |   1028 |     22 |     73 |    629 |   2 |  525.0 |
       Dungeon |   1050 |   1028 |     22 |     73 |    629 |   2 |  525.0 |
               +--------+--------+--------+--------+--------+-----+--------+

Top non-repeatable levels by time:
     D:1: 794 daAuts
     D:2: 256 daAuts
